 Dungeon Crawl Stone Soup version 0.27-a0-1196-g3e9cee4 (webtiles) character file.

Game seed: 289526684655675035

242 Meow the Sneak (level 6, 49/49 HPs)
             Began as a Naga Venom Mage on May 27, 2021.
             Quit the game on level 2 of the Dungeon.
             The game lasted 00:06:30 (1439 turns).

Meow the Sneak (Naga Venom Mage)                    Turns: 1439, Time: 00:06:31

Health: 49/49      AC:  5    Str: 10    XL:     6   Next: 9%
Magic:  11/11      EV: 10    Int: 19    God:
Gold:   39         SH:  0    Dex: 12    Spells: 5/12 levels left

rFire    . . .     SeeInvis +   a - +1 scythe (vorpal)
rCold    + . .     Faith    .   (shield currently unavailable)
rNeg     . . .     Spirit   .   t - +1 robe {rC+}
rPois    +         Reflect  .   (no helmet)
rElec    .         Harm     .   (no cloak)
rCorr    .         Rampage  .   m - +0 pair of gloves
Will     .....     Clarity  +   (no barding)
Stlth    +++.......             (no amulet)
HPRegen  0.16/turn              h - ring of wizardry
MPRegen  0.12/turn              (no ring)

@: short of breath, very slow
A: AC +2, large, see invisible, deformed body, poison resistance, slowness 2,
spit poison 2, naga tail 1, clarity, clever 1, deterioration 1
a: Breathe Poison Gas


You were on level 2 of the Dungeon.
You visited 1 branch of the dungeon, and saw 2 of its levels.

You collected 39 gold pieces.

Inventory:

Hand Weapons
 a - a +1 vorpal scythe (weapon)
 s - a +0 club
Missiles
 c - 11 stones (quivered)
 f - 50 arrows
 j - 11 bolts
Armour
 i - a +0 robe
 m - a +0 pair of gloves (worn)
 t - a +1 robe of cold resistance (worn)
Jewellery
 h - a ring of wizardry (left hand)
Scrolls
 b - a scroll of fear {unknown}
 e - 2 scrolls of identify {unknown}
 g - a scroll of amnesia {unknown}
 l - a scroll of noise {unknown}
 n - 2 scrolls of magic mapping {unknown}
 p - a scroll of summoning {unknown}
Potions
 d - a potion of mutation
 k - 2 potions of heal wounds {unknown}
 o - a potion of resistance {unknown}
 q - a potion of haste {unknown}
 r - a potion of invisibility


   Skills:
 - Level 1.5 Dodging
 * Level 6.4 Stealth
 * Level 3.9 Spellcasting
 + Level 2.3 Conjurations
 - Level 1.0 Transmutations
 - Level 4.0 Poison Magic


You had 5 spell levels left.
You knew the following spells:

 Your Spells              Type           Power      Damage    Failure   Level
a - Sting                 Tmut/Pois      52%        1d5       1%          1
c - Mephitic Cloud        Conj/Pois/Air  11%        N/A       7%          3
C - Ignite Poison         Fire/Tmut/Pois 10%        N/A       9%          3

Your spell library contained the following spells:

 Spells                   Type           Power      Damage    Failure   Level
 Magic Dart               Conj           48%        1d5       2%          1
 Poisonous Vapours        Pois/Air       22%        N/A       4%          2
 Blink                    Tloc           N/A        N/A       9%          2
 Call Imp                 Summ           3%         N/A       9%          2
 Slow                     Hex            3%         N/A       9%          2
 Conjure Flame            Conj/Fire      8%         6-21      11%         3
 Olgreb's Toxic Radiance  Pois           19%        N/A       11%         4


Dungeon Overview and Level Annotations

Branches:
Dungeon (2/15)

Altars:


Innate Abilities, Weirdness & Mutations

Your serpentine skin is tough. (AC +2)
You have supernaturally acute eyesight. (SInv)
Armour fits poorly on your strangely shaped body.
Your system is resistant to poisons. (rPois)
You cover ground very slowly.
You can exhale a cloud of poison.
You have a snake-like lower body.
You possess an exceptional clarity of mind.
Your mind is acute. (Int +2)
Your body sometimes deteriorates upon taking damage.


Message History

a - a +1 vorpal scythe (weapon);
s - a +0 club
Okay, then.
You start removing your armour.
You continue taking off your +0 robe. x4
You finish taking off your +0 robe.
You start putting on your armour.
You continue putting on your +1 robe of cold resistance. x5
You finish putting on your +1 robe of cold resistance.
You feel resistant to cold. What are your orders? t - Shout!
Orders for allies: a - Attack new target. r - Retreat! s - Stop attacking. g - Guard the area. f - Follow me.
Anything else - Cancel.
Okay, then.
Unknown command.
You have got your breath back.
An adder comes into view.
Press: ? - help, Shift-Dir - straight line, f - adder
Aim: an adder (wandering, hasn't noticed you)
You exhale a blast of poison gas.
The poison gas misses the adder.
The adder is engulfed in poison gas.
The adder is poisoned.
Unknown command.
The adder is engulfed in poison gas.
The adder looks even sicker.
You kill the adder!
You have got your breath back.
There is a stone staircase leading up here.
You see here a +0 hunting sling.
A jackal comes into view.
The jackal barks!
A jackal comes into view.
Press: ? - help, Shift-Dir - straight line, f - jackal
Aim: a jackal You exhale a blast of poison gas.
The poison gas hits the jackal.
The jackal is lightly wounded.
The jackal is engulfed in poison gas.
The jackal is poisoned.
You kill the jackal!
The jackal is engulfed in poison gas.
The jackal is poisoned.
You kill the jackal!
Are you sure you want to abandon this character and quit the game? (Confirm with "yes".)

##### #...# #...# . #...#
... #...#
.....#################...)
...°†°○..@................
........#####.............
##......# #..........##+
#......# #.............
#......# #.............
#......# #######.###...
#......# #.# #... #......#
#.# #... #########.# #...


There were no monsters in sight!

Vanquished Creatures
  Sigmund (D:2)
  Jessica (D:2)
  2 adders (D:2)
  2 dart slugs
  6 ball pythons
  3 endoplasms
  2 giant cockroaches (D:1)
  4 goblins
  5 hobgoblins
  2 jackals (D:2)
  3 bats (D:1)
  2 frilled lizards (D:1)
  2 kobolds (D:1)
  3 rats
38 creatures vanquished.

Vanquished Creatures (others)
  4 toadstools (D:1)
4 creatures vanquished.

Grand Total: 42 creatures vanquished

Notes
Turn   | Place    | Note
-------+----------+-------------------------------------------
     0 | D:1      | Meow the Naga Venom Mage began the quest for the Orb.
     0 | D:1      | Reached XP level 1. HP: 15/15 MP: 3/3
    95 | D:1      | Reached XP level 2. HP: 22/22 MP: 5/5
   474 | D:1      | Reached skill level 4 in Stealth
   488 | D:1      | Reached XP level 3. HP: 28/28 MP: 6/6
   492 | D:1      | Learned a level 3 spell: Ignite Poison
   496 | D:1      | Learned a level 3 spell: Mephitic Cloud
   834 | D:1      | Gained mutation: Your body sometimes deteriorates upon
                  | taking damage. [potion of mutation]
   834 | D:1      | Gained mutation: Your mind is acute. (Int +2) [potion of
                  | mutation]
   834 | D:1      | Gained mutation: You possess an exceptional clarity of
                  | mind. [potion of mutation]
   834 | D:1      | Gained mutation: You can exhale a cloud of poison. [potion
                  | of mutation]
   859 | D:2      | Reached skill level 1 in Conjurations
   870 | D:2      | Noticed Jessica
   875 | D:2      | Killed Jessica
   876 | D:2      | Reached XP level 4. HP: 36/36 MP: 0/8
  1252 | D:2      | Noticed Sigmund
  1256 | D:2      | Killed Sigmund
  1257 | D:2      | Reached skill level 6 in Stealth
  1257 | D:2      | Reached XP level 5. HP: 42/42 MP: 8/10
  1257 | D:2      | Reached XP level 6. HP: 49/49 MP: 8/11
  1439 | D:2      | Quit the game

Illustrated notes

Levels and vault maps discovered:
D:1:      ldierk_walled_garden_2, layout_basic
D:2:      layout_basic, minmay_circle_x, uniq_sigmund, uniq_jessica

Skill      XL: |  1  2  3  4 |
---------------+-------------+-----
Stealth        | 4 6 |  6.4
Conjurations   | 1 2 |  2.3
Spellcasting   | 3 |  3.9
Dodging        | |  1.5
Transmutations | |  1.0
Poison Magic   | |  4.0

Action                   |  1- 3 |  4- 6 || total
-------------------------+-------+-------++-------
Melee: Club              |     2 |     4 ||     6
Throw: Stone             |     5 |       ||     5
 Cast: Sting             |    20 |     1 ||    21
       Mephitic Cloud    |     1 |       ||     1
 Abil: Spit Poison       |    26 |       ||    26
       Breathe Poison Ga |     1 |    10 ||    11
  Use: Potion            |     1 |       ||     1
 Stab: Confused          |     1 |       ||     1
Armor: Robe              |     1 |     3 ||     4
Dodge: Dodged            |     5 |     4 ||     9

Table legend: (Time is in decaauts)
 A = Elapsed time spent in this place.
 B = Non-inter-level travel time spent in this place.
 C = Inter-level travel time spent in this place.
 D = Time resting spent in this place.
 E = Time spent auto-exploring this place.
 F = Levels seen in this place.
 G = Mean time per level.
                   A        B        C        D        E       F      G
               +--------+--------+--------+--------+--------+-----+--------+
         Total |   1884 |   1861 |     23 |    169 |   1296 |   2 |  942.0 |
       Dungeon |   1884 |   1861 |     23 |    169 |   1296 |   2 |  942.0 |
               +--------+--------+--------+--------+--------+-----+--------+

Top non-repeatable levels by time:
     D:1: 1091 daAuts
     D:2: 792 daAuts
